 Dungeon Crawl Stone Soup version 0.21.1-1-g345015fe64 (webtiles) character file.

171 Htamos the Gusty (level 5, -3/28 HPs)
             Began as a Tengu Air Elementalist on July 10, 2018.
             Slain by a black bear (5 damage)
             ... on level 4 of the Dungeon.
             The game lasted 00:09:08 (3568 turns).

Htamos the Gusty (Tengu Air Elementalist)           Turns: 3568, Time: 00:09:09

Health: -3/28      AC:  4    Str:  8    XL:     5   Next: 51%
Magic:  4/10       EV: 18    Int: 16    God:
Gold:   126        SH:  0    Dex: 20    Spells: 9/10 levels left

rFire    . . .     SeeInvis .   (no weapon)
rCold    . . .     Gourm    .   (no shield)
rNeg     . . .     Faith    .   a - +0 robe
rPois    .         Spirit   .   (helmet restricted)
rElec    .         Reflect  .   w - +0 cloak
rCorr    .         Harm     .   s - +0 pair of gloves
MR       .....                  (boots unavailable)
Stlth    +++.......             (no amulet)
HPRegen  0.09/turn              (no ring)
MPRegen  0.12/turn              (no ring)

@: agile
A: beak, talons 3, able to fly 1
a: Fly


You were on level 4 of the Dungeon.
You were not hungry.

You visited 1 branch of the dungeon, and saw 4 of its levels.

You collected 126 gold pieces.

Inventory:

Hand Weapons
 h - a +0 short sword
 C - a cursed -1 scimitar
Missiles
 f - 46 stones (quivered)
Armour
 a - a +0 robe (worn)
 d - a +2 scale mail of magic resistance
 i - a +0 ring mail
 j - a cursed +0 helmet
 l - a +0 buckler
 s - a +0 pair of gloves (worn)
 w - a +0 cloak (worn)
Jewellery
 m - an uncursed ring of fire {unknown}
 n - an uncursed ring of fire {unknown}
 o - an uncursed ring of resist corrosion {unknown}
Wands
 z - a wand of scattershot (3)
Scrolls
 e - 2 scrolls of blinking {unknown}
 g - 4 scrolls of identify {unknown}
 k - a scroll of teleportation {unknown}
 t - a scroll of immolation {unknown}
 u - a scroll of enchant armour {unknown}
 y - 2 scrolls of random uselessness {unknown}
 B - a scroll of magic mapping {unknown}
Potions
 p - a potion of agility
 q - a potion of degeneration {unknown}
 v - a potion of mutation {unknown}
Books
 b - a book of Air

   Spells                             Type                      Level
   a - Shock                          Conjuration/Air              1
   b - Swiftness                      Charms/Air                   2
   c - Static Discharge               Conjuration/Air              3
   d - Airstrike                      Air                          4
   e - Lightning Bolt                 Conjuration/Air              5
 r - a book of Minor Magic

   Spells                             Type                      Level
   a - Magic Dart                     Conjuration                  1
   b - Blink                          Translocation                2
   c - Call Imp                       Summoning                    2
   d - Slow                           Hexes                        2
   e - Conjure Flame                  Conjuration/Fire             3
   f - Mephitic Cloud                 Conjuration/Poison/Air       3
 x - a book of Misfortune

   Spells                             Type                      Level
   a - Confusing Touch                Hexes                        1
   b - Confuse                        Hexes                        3
   c - Gell's Gravitas                Translocation                3
   d - Petrify                        Transmutation/Earth          4
   e - Metabolic Englaciation         Hexes/Ice                    5
   f - Yara's Violent Unravelling     Hexes/Transmutation          5
 A - a book of Cantrips

   Spells                             Type                      Level
   a - Confusing Touch                Hexes                        1
   b - Animate Skeleton               Necromancy                   1
   c - Summon Small Mammal            Summoning                    1
   d - Apportation                    Translocation                1
Comestibles
 c - 9 rations


   Skills:
 - Level 2.1 Dodging
 - Level 2.0 Stealth
 + Level 3.2 Spellcasting
 - Level 1.3 Conjurations
 * Level 7.0 Air Magic


You had 9 spell levels left.
You knew the following spells:

 Your Spells              Type           Power        Failure   Level  Hunger
a - Shock                 Conj/Air       ###.         3%          1    None


Dungeon Overview and Level Annotations

Branches:
Dungeon (4/15)
 Temple: D:4-7

Altars:
Nemelex Xobeh
Sif Muna
Zin

Annotations:
D:3 Sigmund


Innate Abilities, Weirdness & Mutations

You have a beak for a mouth.
You have claws for feet.
You can fly.


Message History

A gnoll comes into view. It is wielding a spear.
The black bear rages.
The black bear bites you. The black bear claws you. The black bear misses you.
The black bear rages.
The black bear barely misses you. The black bear closely misses you.
The black bear claws you but does no damage.
The ball python bites you but does no damage.
The ball python grabs you. The ball python constricts you.
You escape the ball python's grasp.
The black bear closely misses you. The black bear barely misses you.
The black bear claws you! The black bear closely misses you.
The black bear claws you. The black bear closely misses you.
Okay, then.
It was a potion of agility.
You feel agile all of a sudden. The black bear bites you!
* * * LOW HITPOINT WARNING * * *
The black bear misses you. The black bear claws you.
You die...

#...##........
#...##......# .#
#...##......# .#
#...##......# .#
#...##.....## .#
#.####.###..#####...
#.# #.#............
#.# #.#.##..#######
#.####.#.#..@#
#......#.#.#h##
########.#.#.S######.#
.........S........#
...................
..................#
........g........<#
..................#
..(...............#


You could see a black bear (berserk), a gnoll, an adder and a ball python.

Vanquished Creatures
  Jessica (D:3)
  Natasha (twice) (D:3)
  A hound skeleton (D:4)
  An adder (D:4)
  2 oozes (D:1)
  A worm (D:2)
  A dart slug (D:1)
  2 leopard geckos
  3 orcs (D:3)
  3 ball pythons
  A giant cockroach (D:1)
  9 hobgoblins
  4 jackals (D:3)
  5 kobolds
  A quokka (D:3)
  5 bats
  3 frilled lizards
  6 goblins
  5 rats
56 creatures vanquished.

Notes
Turn   | Place    | Note
-------+----------+-------------------------------------------
     0 | D:1      | Htamos the Tengu Air Elementalist began the quest for the Orb.
     0 | D:1      | Reached XP level 1. HP: 10/10 MP: 4/4
   204 | D:1      | Reached XP level 2. HP: 6/15 MP: 1/6
   853 | D:1      | Reached skill level 5 in Air Magic
  1031 | D:1      | Reached XP level 3. HP: 17/19 MP: 2/7
  1816 | D:2      | Found a deep blue altar of Sif Muna.
  1870 | D:3      | Noticed Natasha
  1875 | D:3      | Killed Natasha
  1875 | D:3      | Reached skill level 6 in Air Magic
  1875 | D:3      | Reached XP level 4. HP: 24/24 MP: 2/8
  2074 | D:3      | Noticed Sigmund
  2472 | D:3      | Found a sparkling altar of Nemelex Xobeh.
  2891 | D:3      | Noticed Natasha
  2898 | D:3      | Killed Natasha
  2898 | D:3      | Gained mutation: You can fly. [Tengu growth]
  2898 | D:3      | Reached XP level 5. HP: 20/28 MP: 0/10
  2979 | D:3      | Found a glowing silver altar of Zin.
  3117 | D:3      | Noticed Jessica
  3126 | D:3      | Killed Jessica
  3467 | D:4      | Reached skill level 7 in Air Magic
  3550 | D:4      | Noticed a black bear
  3568 | D:4      | Slain by a black bear

Skill      XL: |  1  2  3  4  5 |
---------------+----------------+-----
Air Magic      | 5 6 7 |  7.0
Spellcasting   | 3 |  3.2
Dodging        | |  2.1
Stealth        | |  2.0
Conjurations   | |  1.3

Action                   |  1- 3 |  4- 6 || total
-------------------------+-------+-------++-------
Melee: Unarmed           |     2 |     2 ||     4
       Peck              |     1 |     1 ||     2
Throw: Stone             |     5 |       ||     5
 Cast: Shock             |    77 |    84 ||   161
  Use: Potion            |       |     1 ||     1
  Eat: Chunk             |     4 |     5 ||     9
Armor: Robe              |     5 |     5 ||    10
Dodge: Dodged            |    25 |    19 ||    44
